Map: Kairos Junction LE

Players

Morphosis

  • Race: Protoss Protoss
  • League: Gold
  • Spawn Location: 5:00

TiPtOP - Winner!

  • Race: Terran Terran
  • League: Silver
  • Spawn Location: 11:00

VOD

Have the link to the VOD?

Description

Time

  • Played on: Aug. 19, 2019, 12:28 a.m.
  • Length: 12:15
Show
View Real Time Build Order
Export as new Build Order

Morphosis Protoss 

Build Orders:  

Get SALT Encoding   

  1  0:00  Probe  
  13  0:16  Probe, Pylon  
  14  0:28  Probe  
  15  0:40  Probe  
  16  1:09  Nexus  
  16  1:15  Probe  
  16  1:19  Gateway  
  16  1:23  Probe  
  17  1:27  Assimilator  
  18  1:35  Probe  
  18  1:37  Gateway  
  20  1:47  Probe  
  20  1:59  Probe  
  21  2:05  Assimilator  
  21  2:09  Probe  
  21  2:10  Cybernetics Core  
  21  2:14  Forge  
  22  2:17  Probe  
  22  2:18  Probe  
  24  2:27  Probe  
  24  2:33  Zealot  
  24  2:36  Probe  
  27  2:41  Pylon  
  28  2:48  Pylon  
  28  2:50  Probe  
  29  2:55  Probe  
  30  2:59  Warp Gate  
  30  3:00  Stalker  
  32  3:09  Probe  
  33  3:19  Pylon  
  33  3:21  Probe  
  33  3:22  Stalker  
  36  3:30  Probe  
  36  3:33  Probe  
  38  3:41  Photon Cannon  
  38  3:42  Probe  
  38  3:45  Probe  
  40  3:54  Stalker, Probe, Twilight Council  
  43  3:57  Stalker  
  45  4:03  Probe  
  45  4:06  Probe  
  45  4:07  Assimilator  
  47  4:10  Assimilator  
  47  4:15  Probe  
  48  4:20  Stargate  
  48  4:26  Pylon  
  48  4:37  Gateway  
  48  4:44  Robotics Facility  
  48  4:47  Probe  
  48  4:48  Stalker  
  48  4:49  Stalker  
  53  4:55  Probe  
  54  5:03  Probe  
  54  5:06  Phoenix  
  56  5:12  Probe  
  57  5:17  Charge  
  58  5:24  Probe  
  58  5:28  Photon Cannon  
  59  5:29  Sentry  
  59  5:31  Phoenix  
  63  5:36  Probe  
  64  5:46  Nexus  
  64  5:50  Pylon  
  64  5:51  Zealot  
  64  5:52  Zealot  
  64  5:54  Zealot  
  70  6:07  Probe  
  70  6:08  Observer  
  72  6:15  Probe  
  72  6:16  Pylon  
  72  6:23  Pylon  
  72  6:24  Pylon  
  72  6:25  Probe  
  73  6:26  Pylon  
  73  6:28  Pylon  
  73  6:30  Observer  
  73  6:32  Pylon  
  75  6:36  Pylon  
  75  6:47  Stalker  
  75  6:48  Photon Cannon  
  75  6:51  Immortal  
  75  6:53  Probe x2  
  83  6:56  Pylon  
  83  6:58  Pylon  
  83  7:01  Pylon  
  83  7:04  Photon Cannon, Shield Battery  
  83  7:05  Probe  
  83  7:06  Shield Battery  
  84  7:09  Probe  
  84  7:10  Sentry  
  84  7:11  Sentry  
  84  7:12  Stalker  
  91  7:16  Protoss Ground Weapons Level 1  
  91  7:21  Probe, Resonating Glaives  
  92  7:35  Stalker  
  94  7:37  Zealot x2  
  98  7:46  Gateway  
  98  7:56  Gateway  
  98  7:58  Gateway  
  98  8:00  Immortal, Photon Cannon  
  102  8:26  Nexus  
  102  8:29  Probe  
  102  8:34  Assimilator  
  103  8:36  Void Ray  
  103  8:37  Assimilator  
  103  8:41  Probe  
  108  8:46  Photon Cannon  
  108  8:48  Photon Cannon  
  108  8:50  Shield Battery  
  108  8:53  Probe  
  109  9:01  Templar Archives  
  109  9:05  Dark Shrine  
  109  9:08  Probe x2  
  111  9:14  Photon Cannon  
  111  9:19  Photon Cannon, Void Ray  
  115  9:25  Protoss Ground Armor Level 1  
  115  9:26  Photon Cannon  
  115  9:28  Photon Cannon  
  115  9:30  Gateway  
  115  9:31  Shield Battery  
  115  9:33  Shield Battery  
  115  9:37  Shield Battery  
  115  9:41  Probe  
  116  9:49  Stalker  
  116  9:52  Psionic Storm  
  118  9:59  Stalker, Protoss Air Weapons Level 1  
  120  10:00  Stalker  
  120  10:01  Void Ray  
  126  10:13  Probe  
  127  10:23  Adept x2  
  127  10:25  Probe  
  132  10:32  Stargate  
  132  10:34  Stargate  
  132  10:40  Photon Cannon  
  131  10:53  High Templar x5  
  131  10:54  High Templar  
  143  10:59  Immortal  
  147  11:21  Robotics Facility  
  147  11:30  Fleet Beacon  
Show
View Real Time Build Order
Export as new Build Order

TiPtOP Terran - Winner!

Build Orders: Mech 

Get SALT Encoding   

  12  0:01  SCV  
  13  0:13  SCV  
  14  0:18  Supply Depot  
  14  0:25  SCV  
  15  0:40  SCV  
  16  0:43  Barracks  
  16  0:52  Refinery, SCV  
  17  1:04  SCV  
  18  1:16  SCV  
  19  1:30  Marine, Supply Depot  
  21  1:35  Orbital Command  
  20  1:50  Command Center  
  20  2:00  Factory  
  20  2:04  Barracks Tech Lab  
  20  2:07  SCV  
  21  2:14  Refinery  
  21  2:22  SCV  
  22  2:34  SCV  
  23  2:54  Bunker  
  23  2:56  Siege Tank  
  26  3:02  SCV  
  27  3:08  Supply Depot  
  27  3:14  SCV  
  28  3:25  Supply Depot  
  28  3:26  SCV  
  29  3:28  Siege Tank  
  32  3:38  SCV  
  32  3:39  Engineering Bay  
  33  3:43  Factory, SCV  
  34  4:01  Siege Tank  
  37  4:07  Orbital Command  
  37  4:08  SCV  
  38  4:14  Missile Turret  
  38  4:20  SCV  
  39  4:26  Refinery  
  39  4:32  Factory Reactor  
  39  4:34  Siege Tank  
  42  4:40  Missile Turret  
  42  4:44  SCV  
  43  4:53  Armory  
  43  4:56  SCV  
  43  4:59  Missile Turret  
  44  5:07  Supply Depot  
  44  5:12  Supply Depot  
  44  5:20  Hellion x2  
  48  5:22  Infernal Pre-Igniter  
  48  5:26  SCV  
  49  5:33  SCV, Command Center  
  50  5:38  SCV  
  50  5:42  Refinery  
  51  5:46  SCV  
  52  5:55  Thor  
  58  5:58  Hellion x2  
  62  6:13  SCV x2, Supply Depot  
  64  6:25  Factory, SCV x2  
  66  6:26  Factory  
  66  6:36  Supply Depot  
  66  6:37  SCV  
  67  6:41  Thor  
  67  6:45  Terran Vehicle Weapons Level 1  
  73  6:57  Command Center  
  77  7:01  Hellbat x2  
  77  7:13  SCV x2  
  79  7:19  Factory Tech Lab x2  
  79  7:22  Hellbat x2  
  83  7:24  Thor  
  89  7:37  Supply Depot  
  89  7:40  Supply Depot  
  89  7:41  Supply Depot  
  89  7:45  Supply Depot  
  89  7:48  Thor  
  89  7:49  Hellbat  
  97  7:57  SCV x2  
  99  8:06  Thor  
  105  8:27  Thor  
  105  8:28  Hellbat  
  105  8:29  Hellbat  
  105  8:30  Thor  
  121  8:52  Supply Depot  
  121  8:53  Supply Depot  
  121  8:54  Supply Depot  
  121  9:05  Orbital Command  
  121  9:12  Thor  
  121  9:13  Thor  
  121  9:14  Hellbat  
  121  9:16  SCV x2  
  137  9:32  SCV  
  138  9:43  Missile Turret  
  138  9:44  SCV  
  138  9:45  Refinery  
  139  9:46  Missile Turret, Refinery  
  139  9:51  Thor  
  139  9:52  Hellbat  
  147  9:55  Thor x2  
  147  9:56  SCV  
  160  10:06  SCV x2  
  162  10:08  SCV  
  163  10:20  SCV  
  164  10:32  Command Center  
  164  10:40  Armory  
  164  10:50  Smart Servos  
  164  11:21  Refinery  
  164  11:23  Command Center  
  164  11:27  Refinery  
  164  11:28  Refinery  
  164  11:30  Refinery  
  164  11:32  Command Center  
  164  11:43  Supply Depot  
  164  11:44  Supply Depot  
  164  11:45  Supply Depot  
  164  11:46  Supply Depot  
  176  11:53  Missile Turret  
  176  11:55  Missile Turret  
Tags
 
Add a new tag
Caveats
  • Supply blocks, unpowered buildings, or Contaminate may cause inaccurate times.
  • Supply counts are checked every 10 seconds.